 Dungeon Crawl Stone Soup version 0.25-a0-700-g7f8a7979f0 (webtiles) character file.

Game seed: 6183073467595879457, levelgen mode: deterministic

9647 kae the Grappler (level 11, -8/68 (69) HPs)
             Began as a Green Draconian Transmuter on Apr 2, 2020.
             Was a Believer of Hepliaklqana.
             Mangled by an ogre
             ... wielding a +0 giant club
              (18 damage)
             ... on level 12 of the Dungeon.
             The game lasted 00:10:32 (12399 turns).

kae the Grappler (Green Draconian Transmuter)      Turns: 12399, Time: 00:10:33

HP:   -8/68 (69)    AC: 11    Str: 18    XL:     11   Next: 25%
MP:   0/23          EV: 12    Int: 16    God:    Hepliaklqana [**....]
Gold: 561           SH:  0    Dex: 12    Spells: 11/26 levels left

rFire    . . .     SeeInvis +     - Unarmed
rCold    . . .     Gourm    +   (no shield)
rNeg     . . .     Faith    .   (armour unavailable)
rPois    +         Spirit   +   v - +2 hat {SInv}
rElec    .         Reflect  .   r - scarf {Spirit}
rCorr    .         Harm     .   w - +1 pair of gloves
MR       .....                  (no boots)
Stlth    +.........             d - amulet of the gourmand
HPRegen  0.21/turn              b - +5 ring of strength
MPRegen  0.18/turn              (no ring)

@: no status effects
A: breathe noxious fumes, unfitting armour, reduced essence, poison resistance,
cold-blooded, AC +7
a: Breathe Noxious Fumes, Recall Ancestor, Ancestor Identity, Renounce Religion


You were on level 12 of the Dungeon.
You worshipped Hepliaklqana.
Hepliaklqana was pleased with you.
You were completely stuffed.

You visited 1 branch of the dungeon, and saw 11 of its levels.
You also visited: Sewer.

You collected 657 gold pieces.
You spent 96 gold pieces at shops.

Inventory:

Missiles
 a - 127 arrows
Armour
 r - a scarf of spirit shield (worn)
 t - a scarf of cloud immunity
 v - a +2 hat of see invisible (worn)
 w - a +1 pair of gloves (worn)
Jewellery
 b - a +5 ring of strength (left hand)
 d - an amulet of the gourmand (around neck)
 u - an uncursed ring of protection from fire
Wands
 h - a wand of disintegration (12)
Scrolls
 f - 8 scrolls of teleportation
 m - 6 scrolls of remove curse
 q - 2 scrolls of identify
Potions
 e - 3 potions of curing
 g - 3 potions of stabbing
 i - 7 potions of flight
 j - 4 potions of haste
 k - a potion of brilliance
 l - 5 potions of degeneration
 n - 2 potions of mutation
 o - a potion of invisibility
 s - 2 potions of heal wounds
 x - a potion of cancellation
Comestibles
 c - 23 rations
 p - a chunk of flesh


   Skills:
 - Level 1.1 Fighting
 - Level 1.7 Dodging
 * Level 12.6 Unarmed Combat
 + Level 8.4 Spellcasting
 + Level 9.2 Transmutations


You had 11 spell levels left.
You knew the following spells:

 Your Spells              Type           Power        Failure   Level  Hunger
a - Beastly Appendage     Tmut           #####.       1%          1    None
b - Sticks to Snakes      Tmut           #####...     1%          2    None
c - Spider Form           Tmut/Pois      ###.......   4%          3    #......
d - Ice Form              Ice/Tmut       ###.....     16%         4    ###....
e - Blade Hands           Tmut           #####.....   7%          5    #####..

Your spell library contained the following spells:

 Spells                   Type           Power        Failure   Level  Hunger
 Magic Dart               Conj           #...         11%         1    None
 Blink                    Tloc           N/A          16%         2    None
 Call Imp                 Summ           #.......     16%         2    None
 Slow                     Hex            #.......     16%         2    None
 Conjure Flame            Conj/Fire      #.......     32%         3    #......
 Mephitic Cloud           Conj/Pois/Air  #.......     32%         3    #......


Dungeon Overview and Level Annotations

Branches:
Dungeon (10/15)            Temple (0/1) D:7            Lair (0/6) D:9
    Orc (0/2) D:9           Sewer (visited)

Altars:
Ashenzari
Cheibriados
Fedhas
Gozag
Hepliaklqana
Kikubaaqudgha
Okawaru
Qazlal
Xom
Zin
The Shining One

Shops:
D:4 (   D:6 *   D:7 (

Annotations:
D:7 exclusion: oklob plant
D:10 Joseph


Innate Abilities, Weirdness & Mutations

You can breathe blasts of noxious fumes.
Your lurid green scales are hard. (AC +7)
You cannot fit into any form of body armour.
Your system is resistant to poisons. (rPois)
You are cold-blooded and may be slowed by cold attacks.
Your life essence is reduced to manifest your ancestor. (-10% HP)


Message History

The centaur warrior skeleton hits Busisiwe.
Busisiwe casts a spell at the centaur warrior skeleton.
The centaur warrior skeleton seems to slow down.
The centaur warrior skeleton hits Busisiwe!
Busisiwe is destroyed!
Your magical contamination has completely faded away.
Your surroundings suddenly seem different.
A crimson imp comes into view.
The crimson imp shouts!
A wight comes into view. It is wielding a +0 battleaxe.
Found 29 gold pieces.
Found two stone staircases leading down.
The crimson imp blinks!
The crimson imp blinks!
The crimson imp sputters.
Found 2 throwing nets and a scroll of identify.
An ice beast comes into view.
The ogre shouts!
The ogre hits you with a +0 giant club!!
You die...

.!.....(.# ##
.......#R###.##
.###...#...$#.#
#.#####†..#.# .
#...#.))...# ..
#....#..#.###.##
...#.####....# ?#
.....####.#.## .#
........@O...### #
#.#.#.5........ #
#.###Z..###.# # #.#
##.####.#####
###.#.#.###.........$.z
........>..............
###.#....##.###.#.#####
...........# #.# .>
##.#....##.# #.# #.#


You could see an ogre, a crimson imp and a centaur warrior skeleton.

Vanquished Creatures
  A cyclops (D:12)
  Maggie (D:10)
  A hornet (D:9)
  Grinder (D:4)
  A hippogriff (D:8)
  Prince Ribbit (D:5)
  A meliai zombie (D:8)
  2 wraiths (D:10)
  Eustachio (D:4)
  5 yaks (D:12)
  A wyvern (D:9)
  A human (D:8)
  4 hogs (D:8)
  2 wargs (D:9)
  A water moccasin (D:7)
  2 ice beasts
  2 phantoms
  A sky beast (D:6)
  6 orc warriors
  2 necrophages
  3 ogres
  A crocodile (D:8)
  4 centaurs
  Blork the orc (D:4)
  9 bullfrogs
  2 wyvern skeletons
  A scorpion (D:5)
  6 killer bees (D:9)
  8 wights
  6 howler monkeys
  A centaur zombie (D:12)
  4 crimson imps
  3 hounds
  A jelly (D:6)
  6 orc priests (D:9)
  2 bullfrog skeletons
  A centaur skeleton (D:7)
  A gnoll shaman (D:7)
  7 orc wizards
  2 iguanas
  Ijyb (D:5)
  7 worker ants
  2 hound skeletons
  9 gnolls
  2 worker ant zombies
  7 adders
  A shadow imp (D:5)
  8 oozes
  An adder zombie (D:5)
  7 worms
  A dart slug (D:1)
  6 leopard geckos
  35 orcs
  13 bats
  6 giant cockroaches
  12 goblins
  6 hobgoblins
  11 jackals
  4 kobolds
  2 quokkas
  A ball python (Sewer)
  5 frilled lizards
  A jackal zombie (D:7)
  A quokka zombie (D:7)
  2 rats
257 creatures vanquished.

Vanquished Creatures (collateral kills)
  3 yaks (D:12)
  A warg (D:9)
  A water moccasin (D:7)
  A necrophage (D:9)
  A centaur (D:9)
  A bullfrog (D:8)
  A crimson imp (D:7)
  A hound skeleton (D:6)
  An adder (D:9)
  7 orcs
  A quokka (D:6)
19 creatures vanquished.

Vanquished Creatures (others)
  An orc wizard (D:9)
  An ancestor (D:8)
  A hexer (D:12)
  17 toadstools (D:7)
20 creatures vanquished.

Grand Total: 296 creatures vanquished

Notes
Turn   | Place    | Note
-------+----------+-------------------------------------------
     0 | D:1      | kae the Draconian Transmuter began the quest for the Orb.
     0 | D:1      | Reached XP level 1. HP: 16/16 MP: 3/3
   225 | D:1      | Reached XP level 2. HP: 23/23 MP: 3/5
   232 | D:1      | Learned a level 2 spell: Sticks to Snakes
   566 | D:1      | Reached XP level 3. HP: 26/28 MP: 6/6
   571 | D:1      | Learned a level 3 spell: Spider Form
  2055 | D:3      | Found a glowing silver altar of Zin.
  2111 | D:3      | Reached skill level 4 in Unarmed Combat
  2396 | D:3      | Reached XP level 4. HP: 35/35 MP: 7/7
  2827 | D:4      | Noticed Blork the orc
  2838 | D:4      | Killed Blork the orc
  2838 | D:4      | Reached XP level 5. HP: 13/40 MP: 6/9
  3082 | D:4      | Noticed an ogre
  3096 | D:4      | Killed an ogre
  3096 | D:4      | Reached skill level 5 in Unarmed Combat
  3096 | D:4      | Reached XP level 6. HP: 20/47 MP: 7/11
  3152 | D:4      | Noticed Eustachio
  3168 | D:4      | Killed Eustachio
  3195 | D:4      | Reached skill level 6 in Unarmed Combat
  3221 | D:4      | Found a glowing drain.
  3255 | Sewer    | Entered a sewer
  3267 | Sewer    | Your scales start taking on a lurid green colour.
  3267 | Sewer    | Reached XP level 7. HP: 27/52 MP: 6/12
  3267 | Sewer    | Gained mutation: Your system is resistant to poisons.
                  | (rPois) [Green Draconian growth]
  4045 | D:4      | Noticed Grinder
  4064 | D:4      | Killed Grinder
  4271 | D:4      | Found Xepootush's Antique Weapon Boutique.
  4803 | D:5      | Entered Level 5 of the Dungeon
  4827 | D:5      | Noticed Prince Ribbit
  4849 | D:5      | HP: 1/52 [Prince Ribbit (16)]
  4863 | D:5      | Killed Prince Ribbit
  4863 | D:5      | Reached skill level 7 in Unarmed Combat
  4863 | D:5      | Reached skill level 5 in Transmutations
  4863 | D:5      | Reached XP level 8. HP: 23/59 MP: 11/15
  5053 | D:5      | Learned a level 4 spell: Ice Form
  5059 | D:5      | Learned a level 5 spell: Blade Hands
  5069 | D:5      | Noticed Ijyb
  5082 | D:5      | Killed Ijyb
  5287 | D:5      | Reached skill level 5 in Spellcasting
  5311 | D:5      | Reached skill level 8 in Unarmed Combat
  5356 | D:5      | Found a shimmering altar of Xom.
  5515 | D:5      | Found an opulent altar of Gozag.
  6344 | D:6      | Found a snail-covered altar of Cheibriados.
  6347 | D:6      | Found a stormy altar of Qazlal.
  6347 | D:6      | Found a hazy altar of Hepliaklqana.
  6348 | D:6      | Found an ancient bone altar of Kikubaaqudgha.
  6348 | D:6      | Found a shattered altar of Ashenzari.
  6348 | D:6      | Found an iron altar of Okawaru.
  6348 | D:6      | Found a glowing golden altar of the Shining One.
  6577 | D:6      | Became a worshipper of Hepliaklqana the Forgotten
  6583 | D:6      | Found Menwomicke's Merry Market.
  6604 | D:6      | Reached XP level 9. HP: 21/57 MP: 14/17
  6892 | D:6      | Bought a potion of mutation for 96 gold pieces
  6998 | D:6      | Reached skill level 9 in Unarmed Combat
  7960 | D:7      | Found Qyefo's Antique Weapon Boutique.
  8268 | D:7      | Reached skill level 10 in Unarmed Combat
  8358 | D:7      | Found a staircase to the Ecumenical Temple.
  8619 | D:7      | Reached * piety under Hepliaklqana
  8621 | D:7      | Found a blossoming altar of Fedhas.
  8632 | D:7      | Noticed an oklob plant
  9699 | D:8      | Reached XP level 10. HP: 52/63 MP: 13/20
 10334 | D:8      | Reached skill level 11 in Unarmed Combat
 10609 | D:9      | Found a staircase to the Orcish Mines.
 11070 | D:9      | Reached ** piety under Hepliaklqana
 11071 | D:9      | Remembered your ancestor Busisiwe as a hexer
 11106 | D:9      | Found a staircase to the Lair.
 11333 | D:9      | Reached skill level 12 in Unarmed Combat
 11728 | D:10     | Entered Level 10 of the Dungeon
 11923 | D:10     | Noticed Joseph
 11957 | D:10     | Noticed Maggie
 11966 | D:10     | Killed Maggie
 11966 | D:10     | Reached XP level 11. HP: 40/68 MP: 13/23
 12045 | D:10     | You fall into a shaft and drop 2 floors!
 12381 | D:12     | Noticed a two-headed ogre
 12399 | D:12     | Mangled by an ogre

Levels and vault maps discovered:
D:1:      mrwooster_arrival_statue_3, layout_basic
D:2:      layout_basic
D:3:      layout_loops_ring, lemuel_crystal_altar, guppyfry_early_orc_mine
D:4:      layout_loops_corners, cheibrodos_sewer_entry_bend, serial_shops,
          nicolae_shop_waterfront, uniq_grinder, uniq_blork_the_orc,
          uniq_eustachio
D:5:      layout_basic, first_ration, basic_altar, grunt_gozag_breadcrumbs,
          uniq_ijyb, uniq_prince_ribbit1
D:6:      layout_loops_corners, grunt_temple_overflow_open,
          nicolae_overflow_hidden_temple, nicolae_alphabet_shops,
          minmay_misc_feat_x
D:7:      layout_rooms, minmay_temple_entry_ruins, serial_shops, shop,
          tgw_fedhas
D:8:      layout_gridville, grunt_livestock, hangedman_decor_clover_reticule,
          minmay_bent
D:9:      layout_small_grid, erik_lair_orcish_takeover, erik_orc_3
D:10:     layout_layer_cave, uniq_psyche, uniq_maggie, uniq_joseph
D:12:     layout_loops_ring, minivault_8

Skill      XL: |  1  2  3  4  5  6  7  8  9 10 11 |
---------------+----------------------------------+-----
Unarmed Combat | 4 5 6 7 8 10 12 | 12.6
Transmutations | 3 4 5 6 7 8 9 |  9.2
Spellcasting   | 3 4 5 6 8 |  8.4
Fighting       | |  1.1
Dodging        | |  1.7

Action                   |  1- 3 |  4- 6 |  7- 9 | 10-12 || total
-------------------------+-------+-------+-------+-------++-------
Melee: Unarmed           |   114 |    77 |   386 |   209 ||   786
       Tailslap          |    13 |     1 |    10 |    10 ||    34
       Kick              |     4 |     3 |       |       ||     7
       Headbutt          |     4 |       |     1 |       ||     5
       Punch             |     1 |       |     2 |     1 ||     4
 Cast: Beastly Appendage |    18 |     2 |     1 |       ||    21
       Spider Form       |     3 |     8 |    27 |     1 ||    39
       Sticks to Snakes  |       |     1 |     1 |       ||     2
       Ice Form          |       |       |     9 |    10 ||    19
       Blade Hands       |       |       |       |     8 ||     8
Invok: Recall Ancestor   |       |       |       |     2 ||     2
       Ancestor Life: He |       |       |       |     1 ||     1
 Abil: Breathe Noxious F |       |       |     1 |       ||     1
       End Transformatio |       |       |       |     1 ||     1
  Use: Scroll            |     6 |     2 |     6 |     5 ||    19
       Potion            |       |     1 |     5 |     1 ||     7
 Stab: Sleeping          |       |       |     2 |     1 ||     3
       Distracted        |       |       |     2 |     1 ||     3
  Eat: Chunk             |     2 |     4 |    34 |    13 ||    53
       Ration            |     1 |       |       |       ||     1
Armor: Skin              |    39 |    16 |    65 |    36 ||   156
Dodge: Dodged            |    62 |    60 |   300 |    99 ||   521

Table legend:
 A = Non-vault XP
 B = Vault XP
 C = Vault XP percentage of total XP
 D = Non-vault monster count
 E = Vault monster count
 F = Vault count percentage of total count
                 A         B        C        D         E       F
            +---------+---------+-------+---------+---------+-------
      Total |   10209 |    3573 |  25.9 |     202 |      75 |  27.1
            +---------+---------+-------+---------+---------+-------
        D:1 |      46 |       0 |   0.0 |      20 |       0 |   0.0
        D:2 |      10 |       0 |   0.0 |       6 |       0 |   0.0
        D:3 |      40 |      17 |  29.8 |      13 |       7 |  35.0
        D:4 |     420 |     594 |  58.6 |      19 |       5 |  20.8
        D:5 |     803 |     310 |  27.9 |      19 |       2 |   9.5
        D:6 |     988 |       0 |   0.0 |      24 |       0 |   0.0
        D:7 |    1376 |       0 |   0.0 |      33 |       0 |   0.0
        D:8 |    1052 |    1090 |  50.9 |      14 |       7 |  33.3
        D:9 |    2323 |    1088 |  31.9 |      32 |      27 |  45.8
       D:10 |     555 |     385 |  41.0 |       4 |       1 |  20.0
       D:12 |    2596 |       0 |   0.0 |      18 |       0 |   0.0
      Sewer |       0 |      89 | 100.0 |       0 |      26 | 100.0
            +---------+---------+-------+---------+---------+-------
